Workbook

Sheet budget grant
A2: Short proposal id *
A3: Company PIC*
A4: Company name *
A5: Type of financial support
C7: Your project: estimated eligible costs (per budget category) - GRANT - in euros
C8: Direct costs | J8: Indirect costs | K8: Total costs_x000D_
C9: A. Personnel costs | E9: B. Subcontracting costs | F9: C. Purchase costs | I9: D. Other cost categories | J9: E. Indirect costs
C11: A.1 Employees (or equivalent) A.2 Natural persons under direct contract A.3 Seconded persons | D11: A.4 SME owners and natural person beneficiaries_x000D_ | E11: B. Subcontracting | F11: C.1 Travel and subsistence | G11: C.2 Equipment | H11: C.3 Other goods, works and services | I11: D.2 Internally invoiced goods and services_x000D_ | J11: E. Indirect costs
C16: Actual and/or Unit costs | D16: Unit costs | E16: Actual costs | F16: Actual costs | G16: Actual costs | H16: Actual costs | I16: Unit costs | J16: Flat-rate costs
C17: a1 and/or a2 | D17: a3 | E17: b | F17: c1 | G17: c2 | H17: c3 | I17: d2 | J17: e = 0,25 * (a1 + a2 + a3 + c1 + c2 + c3) | K17: f = a + b + c + d + e
A18: Name of the beneficiary
B19: WP
B20: 1 | C20: 0 | D20: 0 | E20: 0 | F20: 0 | G20: 0 | H20: 0 | I20: 0 | J20: 0 | K20: 0
B21: 2 | C21: 0 | D21: 0 | E21: 0 | F21: 0 | G21: 0 | H21: 0 | I21: 0 | J21: 0 | K21: 0
B22: 3 | C22: 0 | D22: 0 | E22: 0 | F22: 0 | G22: 0 | H22: 0 | I22: 0 | J22: 0 | K22: 0
B23: 4 | C23: 0 | D23: 0 | E23: 0 | F23: 0 | G23: 0 | H23: 0 | I23: 0 | J23: 0 | K23: 0
B24: 5 | C24: 0 | D24: 0 | E24: 0 | F24: 0 | G24: 0 | H24: 0 | I24: 0 | J24: 0 | K24: 0
B25: 6 | C25: 0 | D25: 0 | E25: 0 | F25: 0 | G25: 0 | H25: 0 | I25: 0 | J25: 0 | K25: 0
A26: Total costs per category | C26: =SUM(C19:C25) -> 0 | D26: =SUM(D19:D25) -> 0 | E26: =SUM(E19:E25) -> 0 | F26: =SUM(F19:F25) -> 0 | G26: =SUM(G19:G25) -> 0 | H26: =SUM(H19:H25) -> 0 | I26: =SUM(I19:I25) -> 0 | J26: =SUM(J19:J25) -> 0 | K26: =SUM(K19:K25) -> 0 | L26: A
A28: Maximum amount that you can ask in grant to the EIC | K28: =+K26*0.7 -> 0 | L28: A*0,7
A29: Amount of grant requested to the EIC (<€2.5 M for Grant Only and Grant First) | L29: B
A30: Grant co-financing (part of the costs not covered by the grant) | K30: =+K29-K26 -> 0 | L30: A-B
A32: For blended: in exceptional cases, if you request 2 500 000 € or more as grant support, please include a justification

Sheet budget investment
A2: Short proposal id * | C2: =+'budget grant'!C2 -> 0
A3: Company PIC* | C3: =+'budget grant'!C3 -> 0
A4: Company name * | C4: =+'budget grant'!C4 -> 0
A5: Type of financial support | C5: =+'budget grant'!C5 -> 0
A8: Your project: estimated costs - INVESTMENT (EIC + other sources) - in euros Please make sure that capital expenditures needed are included in work packages
A9: Follow numbering of grant work packages
A10: WP nr. | B10: Type of WP | C10: Title of WP | E10: Cost
A11: 6
A12: 7
A13: 8
A14: 9
A15: 10
A16: TOTAL | E16: =SUM(E11:E15) -> 0 | F16: A
A18: Your company: Financial projections (Provide numbers for as many rows as you consider)
A19: Year | B19: Revenue | C19: Exploitation costs (Fixed and variable costs) | D19: EBIDTA | E19: Equity financing needed (as part of line 38 of "financial information" tab)
B21: a | C21: b | D21: c=a-b
A22: Year N | B22: =+'financial information'!B14 -> 0 | E22: =+'financial information'!B35 -> Proceeds from grants
A23: Yea N+1 | B23: =+'financial information'!C14 -> 0 | E23: =+'financial information'!C35 -> 0
A24: Year N+2 | B24: =+'financial information'!D14 -> 0 | E24: =+'financial information'!D35 -> 0
A25: Year N+3 | B25: =+'financial information'!E14 -> 0 | E25: =+'financial information'!E35 -> 0
A26: Year N+4 | B26: =+'financial information'!E16 -> Year N | E26: =+'financial information'!F35 -> 0
A27: Year N+5 | B27: =+'financial information'!E17 -> 0 | E27: =+'financial information'!G35 -> 0
A28: TOTAL | B28: =SUM(B22:B27) -> 0 | C28: =SUM(C22:C27) -> 0 | D28: =SUM(D22:D27) -> 0 | E28: =SUM(E22:E27) -> 0 | F28: B
A30: Total of investments needed | F30: C=A+B
A31: Total amount of investment requested to EIC (Max €15 M and less than total investment needed) | F31: D
A32: Total funding from other sources | F32: C-D
A34: For blended: in exceptional cases, if you request more than €15 Mio. as investment, please include a justification
A37: Please detail here other sources of funding (amount, origin)

Sheet financial information
B2: Short proposal id * | C2: {='budget grant'!C2:E2} -> #VALUE! | E2: Proposal title | I2: Company Name | J2: {='budget grant'!C4:E4} -> #VALUE!
B4: Please fill in with figures for your company except the grey cells. DO NOT CHANGE THE HEADINGS OR ADD ANY ROW/COLUMN. You can also use graphs to illustrate the data provided in the tables
B6: FINANCIAL HIGHLIGHTS | C6: Year N | D6: Year N+1 | E6: Year N+2 | F6: Year N+3 | G6: Year N+4 | H6: Year N+5
B7: Market Share (%)
B8: Units sold (#s)
B9: Revenues (EURm)
B10: EBITDA (EURm)
B11: R&D or CAPEX (EURm)
B13: Table 1 - Simplified financials, k€
C15: Closed accounts (if applicable) | E15: Actual (If applicable) | F15: Forecast
B16: P&L | C16: Year N-2 | D16: Year N-1 | E16: Year N | F16: Year N+1 | G16: Year N+2 | H16: Year N+3 | I16: Year N+4 | J16: Year N+5
B17: Revenues
B18: Turnover
B19: Gross Margin
B20: Selling, General and Administrative expenses
B21: R&D expenses
B22: Other operational expenses
B23: EBITDA
B24: Interest
B25: Other revenues/expenses (including grants)
B26: EBT
B27: Taxes
B28: Net Income
B29: Net Operating Profit
B30: CASHFLOWS | C30: Year N-2 | D30: Year N-1 | E30: Year N | F30: Year N+1 | G30: Year N+2 | H30: Year N+3 | I30: Year N+4 | J30: Year N+5
B31: Cashflows from operating activities (net)
B32: Cashflows from investing activities (net)
B33: Cashflows from financing activities (net)
B34: of which
B35: Proceeds from grants
B36: Proceeds from issuance of debt
B37: Repayment of debt
B38: Proceeds from issuance of equity
B39: Dividends
B40: Net increase/decrease in cash and cash equivalents
B42: BALANCE SHEET | C42: Year N-2 | D42: Year N-1 | E42: Year N | F42: Year N+1 | G42: Year N+2 | H42: Year N+3 | I42: Year N+4 | J42: Year N+5
B43: Total assets
B44: of which
B45: Cash and cash equivalents
B46: Inventory
B47: Accounts receivable
B48: Property and Equipment
B49: Intangible assets
B50: Other assets
B51: Outstanding liabilities
B52: of which
B53: Accounts payable
B54: Short-term debt
... B61: Other equity
B63: Business metrics and ratios (please do not change formulas) | C63: Year N-2 | D63: Year N-1 | E63: Year N | F63: Year N+1 | G63: Year N+2 | H63: Year N+3 | I63: Year N+4 | J63: Year N+5
B64: Cash and cash equivalents
B65: Total Debt
B66: Total Equity
B67: Gross Margin, %
B68: EBITDA Margin, %
B69: Debt-to-Equity ratio
B70: Return on Equity, %
B71: Return on Capital Employed, %
B72: Break-even (operating cashflows)
B73: Cross-check: is the Balance Sheet balanced? | C73: =ROUND(C43-C51-C57,0) -> 0 | D73: =ROUND(D43-D51-D57,0) -> 0 | E73: =ROUND(E43-E51-E57,0) -> 0 | F73: =ROUND(F43-F51-F57,0) -> 0 | G73: =ROUND(G43-G51-G57,0) -> 0 | H73: =ROUND(H43-H51-H57,0) -> 0
B76: Table 2 - Company up-to-date financial data/ Liquidity
B77: Information item | C77: Value, k€ | D77: Comments
B78: External Debt as of application date
B79: Total cash balance as of application date
B80: Cash burn per month (as per last month)
B81: Drivers of cash burn
B82: Cash needed to breakeven
B83: Company has cash unti (MM/YY)
B84: Major short term liabilities of the company
B87: Table 3 - Company financing history
B88: Please, specify all the previous funding and equity history
B89: Date | C89: Entities providing financing | D89: Public or private | E89: Financing type | F89: Amount, k€ | G89: Implied valuation, k€ (if relevant) | H89: Comments
E95: Total | F95: =SUM(F90:F94) -> 0
B97: Table 4 - Current financing round
B98: Information item | C98: Value, k€ | D98: Comment
B99: Total financing needed
B100: Grant amount requested
B101: Equity amount requested (if applicable)
B102: Other financing - specify
B103: Suggested post-money valuation
B105: Table 5 - Financial Viability - DO NOT fill in
B106: Ratios | C106: Definitions | G106: Value
B107: Liquidity | C107: Total assets - inventory - short term debt / short term debt | G107: =+IF(ISERROR(((C43:D43)-(C46:D46)-(C54:D54))/(C54:D54)),"-",((C43:D43)-(C46:D46)-(C54:D54))/(C54:D54)) -> -
B108: Financial autonomy | C108: Interests / Gross Margin | G108: =+IF(ISERROR((C24:D24)/(C19:D19)),"-",(C24:D24)/(C19:D19)) -> -
B109: Profitability (1) | C109: Gross Operating Profit / Turnover | G109: =+IF(ISERROR((C19:D19)/(C18:D18)),"-",((C19:D19)/(C18:D18))) -> -
B110: Profitability (2) | C110: Net Operating Profit / Turnover | G110: =+IF(ISERROR((C29:D29)/(C18:D18)),"-",(C29:D29)/(C18:D18)) -> -
B111: Solvency | C111: Total debt / (Equity - 50% of intangible assets) | G111: =+IF(ISERROR((C65:D65)/((C66:D66)-0.5*(C49:D49))),"-",(C65:D65)/((C57:D57)-0.5*(C49:D49))) -> -
